 Dungeon Crawl Stone Soup version 0.20-a0-1127-g1289703 (console) character file.

122 nht the Skirmisher (level 5, 0/57 HPs)
             Began as an Ogre Berserker on May 18, 2017.
             Was a Believer of Trog.
             Slain by a kobold
             ... wielding a +0 dagger
              (2 damage)
             ... on level 2 of the Dungeon.
             The game lasted 00:02:30 (1619 turns).

nht the Skirmisher (Ogre Berserker)                 Turns: 1619, Time: 00:02:31

Health: 0/57       AC:  5    Str: 20 (22) XL:     5   Next: 6%
Magic:  5/5        EV: 10    Int:  6 (8)  God:    Trog [**....]
Gold:   84         SH:  0    Dex:  7 (8)  Spells: 4/4 levels left

rFire    . . .     SeeInvis .   a - +0 mace
rCold    . . .     Gourm    .   (no shield)
rNeg     . . .     Faith    .   b - +0 animal skin
rPois    .         Spirit   .   (helmet restricted)
rElec    .         Reflect  .   o - +1 cloak
rCorr    .         Harm     .   (gloves unavailable)
MR       .....                  (boots unavailable)
Stlth    +.........             (no amulet)
Regen    0.2/turn               (no ring)
MPRegen  0.1/turn               (no ring)

@: slowed, very slow
A: unfitting armour, tough skin 1
a: Berserk, Trog's Hand, Burn Spellbooks, Renounce Religion


You were on level 2 of the Dungeon.
You worshipped Trog.
Trog was pleased with you.
You were hungry.

You visited 1 branch of the dungeon, and saw 2 of its levels.

You collected 84 gold pieces.

Inventory:

Hand Weapons
 a - a +0 mace (weapon)
Armour
 b - a +0 animal skin (worn)
 o - a +1 cloak (worn)
Scrolls
 d - a scroll of remove curse
 e - 3 scrolls of identify
 j - 3 scrolls of recharging
 k - 2 scrolls of blinking
 m - a scroll of noise {unknown}
 n - a scroll of magic mapping {unknown}
Comestibles
 c - 2 bread rations
 h - 2 meat rations
 i - a royal jelly
 l - 9 chunks of flesh
 p - a fruit


   Skills:
 + Level 5.1 Fighting
 * Level 4.0 Maces & Flails
 + Level 1.9 Throwing
 - Level 2.6 Dodging


You had 4 spell levels left.
You didn't know any spells.

Dungeon Overview and Level Annotations

Branches:
Dungeon (2/15)

Altars:
Qazlal


Innate Abilities, Weirdness & Mutations

You are too large for most types of armour.
You have tough skin. (AC +1)


Message History

It is a scroll of recharging.
You aren't carrying any rechargeable items.
The gnoll hits you from afar with a spear.
* * * LOW HITPOINT WARNING * * *
The kobold hits you with a dagger.
* * * LOW HITPOINT WARNING * * *
The gnoll hits you from afar with a spear.
* * * LOW HITPOINT WARNING * * *
As you read the scroll labeled HABA EHUTUOXU, it crumbles to dust.
It is a scroll of identify.
k - 2 scrolls of blinking The kobold hits you but does no damage.
The gnoll hits you from afar with a spear.
* * * LOW HITPOINT WARNING * * *
The kobold misses you.
As you read the scroll labeled SOLAITR XUMOILOCO, it crumbles to dust.
It is a scroll of enchant armour.
Your +0 cloak glows green for a moment.
The gnoll hits you but does no damage. The kobold hits you with a dagger.
You die... ██ ████████████

██.
█..........███..
█
█..........██...
█.
█...............
█..
█████.....██....
█...
█..<..██....
█....█████
█.....██....
█....K@..█
█.....██.█..
█...g███.█
█........█..


████ █.███.....███... █.........███... ████......█..... █..[.........
█............ █████........ ████........ You could see a gnoll and a kobold.

Vanquished Creatures
  2 gnolls (D:2)
  5 adders (D:2)
  2 worms (D:2)
  A leopard gecko (D:2)
  A giant cockroach (D:1)
  5 goblins
  6 hobgoblins
  10 jackals (D:2)
  A quokka (D:2)
  7 bats
  A frilled lizard (D:2)
  4 kobolds
  5 rats
50 creatures vanquished.

Notes
Turn   | Place    | Note
-------+----------+-------------------------------------------
     0 | D:1      | nht the Ogre Berserker began the quest for the Orb.
     0 | D:1      | Reached XP level 1. HP: 24/24 MP: 1/1
   283 | D:1      | Reached XP level 2. HP: 26/32 MP: 2/2
   817 | D:2      | Reached XP level 3. HP: 22/40 MP: 3/3
   822 | D:2      | Reached skill level 1 in Throwing
   822 | D:2      | HP: 3/60 [leopard gecko (2)]
   856 | D:2      | Found a stormy altar of Qazlal.
  1103 | D:2      | Reached XP level 4. HP: 45/49 MP: 4/4
  1109 | D:2      | Reached ** piety under Trog
  1605 | D:2      | Reached skill level 5 in Fighting
  1611 | D:2      | Reached XP level 5. HP: 40/57 MP: 5/5
  1618 | D:2      | HP: 2/57 [gnoll/spear (6)]
  1619 | D:2      | Slain by a kobold

Vault maps used:
D:1:      dpeg_arrival_morbid_curiosity, minmay_misc_feat_hallway,
          supply_closet_lemuel
D:2:      grunt_temple_overflow_forces_of_nature

Skill      XL: |  1  2  3  4 |
---------------+-------------+-----
Maces & Flails | 3 4 |  4.0
Throwing       | 1 |  1.9
Fighting       | 5 |  5.1
Dodging        | |  2.6

Action                   |  1- 3 |  4- 6 || total
-------------------------+-------+-------++-------
Melee: Mace              |    96 |    70 ||   166
Invok: Berserk           |     3 |     3 ||     6
  Use: Potion            |     3 |     1 ||     4
       Scroll            |       |     4 ||     4
  Eat: Chunk             |     3 |     4 ||     7
Armor: Animal skin       |    33 |    23 ||    56
Dodge: Dodged            |    80 |    66 ||   146
